 Dungeon Crawl Stone Soup version 0.31-a0-1616-gbeaec30b81 (webtiles) character file.

Game seed: 14683187357956845684

166 Xavori the Trooper (level 5, -16/40 HPs)
             Began as a Djinni Chaos Knight on Jan 10, 2024.
             Was a Plaything of Xom.
             Demolished by a soul eater (18 damage)
             ... summoned by Xom
             ... on level 3 of the Dungeon.
             The game lasted 00:01:48 (6101 turns).

Xavori the Trooper (Djinni Chaos Knight)            Turns: 6101, Time: 00:01:48

Health: -16/40     AC:  5    Str: 11    XL:     5   Next: 76%
Gold:   182        EV: 12    Int: 14    God:    Xom [..*...] SH:  0 Dex: 14

rFire   + + .        a - +0 falchion (chaos)
rCold   x . .        (no shield)
rNeg    . . .        b - +2 leather armour
rPois   ∞            (no helmet)
rElec   .            (no cloak)
rCorr   .            (no gloves)
SInv    .            (boots unavailable)
Will    +....        s - amulet of regeneration
Stlth   ++           (no ring)
HPRegen 1.06/turn    (no ring)
MPRegen 0.00/turn

%: clarity, infuse magic (-17 HP)
@: flying
A: sickness immunity, fire resistance 2, cold vulnerability 1, float, innate
caster, HP casting, extra vitality 1, iridescent scales 1, camouflage 1,
clarity, deformed body, deterioration 1, strong-willed 1
a: Renounce Religion


You were on level 3 of the Dungeon.
You worshipped Xom.
You were a toy of Xom.
You visited 1 branch of the dungeon, and saw 3 of its levels.

You collected 182 gold pieces.

Inventory:

Hand Weapons
 a - a +0 falchion of chaos (weapon)
Armour
 b - a +2 leather armour (worn)
Jewellery
 s - an amulet of regeneration (around neck)
Scrolls
 c - a scroll of butterflies
 f - a scroll of revelation {unknown}
 h - 2 scrolls of vulnerability {unknown}
 j - a scroll of blinking {unknown}
 m - a scroll of enchant armour {unknown}
 p - a scroll of enchant weapon {unknown}
 r - a scroll of teleportation {unknown}
Potions
 d - a potion of enlightenment {unknown}
 e - a potion of berserk rage {unknown}
 g - 3 potions of heal wounds {unknown}
 i - a potion of invisibility {unknown}
 k - 2 potions of curing {unknown}
 l - 2 potions of might {unknown}
 n - a potion of brilliance {unknown}
 o - 2 potions of lignification {unknown}
 q - a potion of resistance {unknown}


   Skills:
 + Level 3.6 Fighting
 + Level 3.2 Long Blades
 + Level 2.1 Armour
 + Level 3.1 Dodging
 * Level 2.0 Spellcasting
 * Level 2.0 Conjurations
 * Level 2.0 Hexes
   Level 0.0 Charms
 * Level 2.0 Summonings
 * Level 2.0 Necromancy
 * Level 2.0 Translocations
   Level 0.0 Transmutations
 * Level 2.0 Fire Magic
 * Level 2.0 Ice Magic
 * Level 2.0 Air Magic
 * Level 2.0 Earth Magic
 * Level 2.0 Alchemy


You knew the following spells:

 Your Spells              Type           Power      Damage    Failure   Level
a - Shock                 Conj/Air       28%        1d4       13%         1
b - Ensorcelled Hibernat  Hex/Ice        14%        N/A       21%         2
Your spell library was empty.

Dungeon Overview and Level Annotations

Branches:
Dungeon (3/15)

Altars:

Shops:
D:1 =


Innate Abilities, Weirdness & Mutations

You are immune to sickness and miasma.
You are immune to poison.
Your flesh is very heat resistant. (rF++)
You are vulnerable to cold. (rC-)
You float through the air rather than walking.
You learn spells naturally, not from books.
Your magical power is your life essence.
You have superior vitality. (+4 MHP)
You are partially covered in iridescent scales. (AC +2)
Your skin changes colour to match your surroundings (Stealth+).
You possess an exceptional clarity of mind.
Armour fits poorly on your strangely shaped body.
Your body sometimes deteriorates upon taking damage.
You are strong-willed. (Will+)


Message History

A shower of butterflies erupts from you!
You hit the soul eater but do no damage.
The ufetubus hits you. The ufetubus misses you.
The ufetubus closely misses you.
The ufetubus hits you but does no damage.
The soul eater hits you!
* * * LOW HITPOINT WARNING * * *
There are monsters nearby!
There are monsters nearby!
You are too injured to fight recklessly!
Unknown command.
You swap places.
The ufetubus attacks as it pursues you! The ufetubus closely misses you.
The ufetubus barely misses you. The soul eater hits you!
* * * LOW HITPOINT WARNING * * *
You swap places.
The ufetubus hits you but does no damage.
The ufetubus closely misses you.
The soul eater completely misses your butterfly.
The ufetubus hits you.
* * * LOW HITPOINT WARNING * * *
The ufetubus closely misses you. The ufetubus slips past you!
The ufetubus hits you but does no damage.
The ufetubus barely misses you.
You hit the ufetubus but do no damage.
The ufetubus is poisoned.
The ufetubus closely misses you. The ufetubus misses you.
You closely miss the ufetubus. The ufetubus barely misses you.
The ufetubus hits you but does no damage.
The soul eater hits you!
* * * LOW HITPOINT WARNING * * *
The ufetubus hits you.
* * * LOW HITPOINT WARNING * * *
The ufetubus hits you but does no damage.
You closely miss the ufetubus.
The ufetubus is moderately wounded.
The ufetubus barely misses you. The ufetubus misses you.
The soul eater hits you!!
You die...
Xom titters!

#..# #.# ### #[.#
#.# ##..# #.# #...#
#.# #.. #.#.###.#
#.# #.#.....# #.#
#.####..# #.# #.#
#.b############ #.#
#.####....53@5......
#.#
#.#.#.bb###########.
#.# #........### #..
#.#....b..... #.#
#^#......###.#
..######.#
#.#.#...##
..........
#.#.##.....
#..######.#
#:#.###.#..#
#.......... #.#.#
<#..# #..######..


You could see a soul eater (summoned, ally target), a white imp (summoned) and
an ufetubus (summoned, very poisoned).

Vanquished Creatures
  A black bear (D:2)
  An adder (D:2)
  2 dart slugs (D:2)
  A ribbon worm (D:3)
  5 endoplasms
  2 giant cockroaches
  5 goblins
  4 hobgoblins
  4 jackals (D:1)
  2 quokkas
  6 ball pythons
  4 bats (D:1)
  6 frilled lizards
  5 kobolds (D:1)
  7 rats
55 creatures vanquished.

Notes
Turn   | Place    | Note
-------+----------+-------------------------------------------
     0 | D:1      | Xavori the Djinni Chaos Knight began the quest for the Orb.
     0 | D:1      | Reached XP level 1. HP: 20/20 MP: 0/0
   109 | D:1      | XOM: silly message
   140 | D:1      | Reached XP level 2. HP: 25/25 MP: 0/0
   305 | D:1      | XOM: potion effect (haste)
   363 | D:1      | Reached XP level 3. HP: 29/30 MP: 0/0
   363 | D:1      | Learned a level 1 spell: Shock
   398 | D:1      | Reached skill level 1 in Spellcasting
   398 | D:1      | Reached skill level 1 in Conjurations
   398 | D:1      | Reached skill level 1 in Hexes
   398 | D:1      | Reached skill level 1 in Summonings
   398 | D:1      | Reached skill level 1 in Necromancy
   398 | D:1      | Reached skill level 1 in Translocations
   398 | D:1      | Reached skill level 1 in Fire Magic
   398 | D:1      | Reached skill level 1 in Ice Magic
   398 | D:1      | Reached skill level 1 in Air Magic
   398 | D:1      | Reached skill level 1 in Earth Magic
   398 | D:1      | Reached skill level 1 in Alchemy
   433 | D:1      | Found Porchiuth's Jewellery Shoppe.
   656 | D:1      | Found a faded altar of an unknown god.
   815 | D:1      | XOM: divination: magic mapping
   910 | D:1      | XOM: silly message
  1399 | D:1      | XOM: divination: detect items
  1408 | D:1      | XOM: divination: magic mapping
  1989 | D:1      | XOM: silly message
  2088 | D:1      | XOM: silly message
  2315 | D:1      | XOM: cloud trail
  3866 | D:1      | XOM: cloud trail
  4015 | D:1      | XOM: give mutations
  4015 | D:1      | Gained mutation: You are partially covered in iridescent
                  | scales. (AC +2) [Xom's grace]
  4015 | D:1      | Gained mutation: Your skin changes colour to match your
                  | surroundings (Stealth+). [Xom's grace]
  4425 | D:1      | XOM: give mutations
  4425 | D:1      | Gained mutation: You possess an exceptional clarity of
                  | mind. [Xom's mischief]
  4425 | D:1      | Gained mutation: Your body sometimes deteriorates upon
                  | taking damage. [Xom's mischief]
  4425 | D:1      | Gained mutation: You are strong-willed. (Will+) [Xom's
                  | mischief]
  4425 | D:1      | Gained mutation: Armour fits poorly on your strangely
                  | shaped body. [Xom's mischief]
  4697 | D:1      | XOM is BORED!
  5098 | D:2      | Noticed a black bear
  5125 | D:2      | Killed a black bear
  5126 | D:2      | Reached XP level 4. HP: 9/35 MP: 0/0
  5126 | D:2      | Reached XP level 5. HP: 11/40 MP: 0/0
  5126 | D:2      | Learned a level 2 spell: Ensorcelled Hibernation
  5308 | D:2      | XOM: cloud trail
  5408 | D:2      | XOM: blink monster(s)
  5896 | D:3      | XOM: cast spell 'Fugue of the Fallen'
  5977 | D:3      | XOM: summons 2 hostile demons
  6091 | D:3      | XOM: summons 3 hostile demons
  6092 | D:3      | Noticed a soul eater
  6092 | D:3      | XOM: butterfly on damage
  6100 | D:3      | HP: 1/40 [ufetubus[Xom] (2)]
  6101 | D:3      | Demolished by a soul eater

Illustrated notes

Levels and vault maps discovered:
D:1:      roderic_chinese_lattice_arrival, layout_loops_ring, serial_shops,
          shop, shapermc_ecumenical_altar_pompeii, minmay_tetromino_l2
D:2:      layout_basic, nrook_loot_triangle, fountainhead
D:3:      layout_loops_ring

Skill      XL: |  1  2  3  4  5 |
---------------+----------------+-----
Spellcasting   | 1 2 |  2.0
Conjurations   | 1 2 |  2.0
Hexes          | 1 2 |  2.0
Summonings     | 1 2 |  2.0
Necromancy     | 1 2 |  2.0
Translocations | 1 2 |  2.0
Fire Magic     | 1 2 |  2.0
Ice Magic      | 1 2 |  2.0
Air Magic      | 1 2 |  2.0
Earth Magic    | 1 2 |  2.0
Alchemy        | 1 2 |  2.0
Long Blades    | 3 |  3.2
Armour         | 2 |  2.1
Dodging        | 3 |  3.1
Fighting       | |  3.6

Action                     |  1- 3 |  4- 6 || total
---------------------------+-------+-------++-------
  Melee: Falchion          |   116 |    52 ||   168
   Stab: Sleeping          |       |     3 ||     3
 Armour: Leather armour    |    87 |    29 ||   116
  Dodge: Dodged            |    76 |    40 ||   116

Table legend: (Time is in decaauts)
 A = Elapsed time spent in this place.
 B = Non-inter-level travel time spent in this place.
 C = Inter-level travel time spent in this place.
 D = Time resting spent in this place.
 E = Time spent auto-exploring this place.
 F = Levels seen in this place.
 G = Mean time per level.
                   A        B        C        D        E       F      G
               +--------+--------+--------+--------+--------+-----+--------+
         Total |   6106 |   6078 |     28 |   4356 |   1342 |   3 | 2035.3 |
       Dungeon |   6106 |   6078 |     28 |   4356 |   1342 |   3 | 2035.3 |
               +--------+--------+--------+--------+--------+-----+--------+

Top non-repeatable levels by time:
     D:1: 4938 daAuts
     D:2: 738 daAuts
     D:3: 430 daAuts
